 Dungeon Crawl Stone Soup version 0.23.2-40-g277498a001 (webtiles) character file.

Game seed: 10913639400635681436

135681 BreadTh the Executioner (level 16, -4/143 HPs)
             Began as a Minotaur Berserker on Sept 3, 2019.
             Was the Champion of Trog.
             Killed from afar by a deep elf knight (13 damage)
             ... with a shard of ice
             ... on level 1 of the Elven Halls.
             The game lasted 03:15:22 (30216 turns).

BreadTh the Executioner (Minotaur Berserker)       Turns: 30216, Time: 03:15:23

Health: -4/143     AC: 23    Str: 25    XL:     16   Next: 65%
Magic:  15/15      EV: 17    Int:  7    God:    Trog [******]
Gold:   111        SH:  0    Dex: 24    Spells: 15/15 levels left

rFire    . . .     SeeInvis +   P - +2 battleaxe "Xilewod" {flame, *Drain MR++ Stlth+}
rCold    . . .     Gourm    .   (shield currently unavailable)
rNeg     . . .     Faith    +   H - +0 plate armour {MR+}
rPois    .         Spirit   .   z - +1 hat {Int+3}
rElec    .         Reflect  .   V - +1 cloak of the Empire {+Fly Str-3 Dex+7}
rCorr    .         Harm     .   A - +2 pair of gloves {Str+3}
MR       +++++                  h - +0 pair of boots
Stlth    ..........             r - amulet of faith
HPRegen  0.33/turn              C - ring of protection from magic
MPRegen  0.14/turn              T - +3 ring of strength

@: berserk cooldown, slowed, heavily drained, very slow
A: retaliatory headbutt, hooves 1, horns 2, repulsion field 1, see invisible,
sense surroundings 1, wild magic 1
a: Berserk, Trog's Hand, Brothers in Arms, Renounce Religion, Evoke Flight


You were on level 1 of the Elven Halls.
You worshipped Trog.
Trog was exalted by your worship.
You were near starving.

You visited 4 branches of the dungeon, and saw 24 of its levels.
You also visited: Gauntlet, Ice Cave and Volcano.

You collected 3576 gold pieces.
You spent 3465 gold pieces at shops.

Inventory:

Hand Weapons
 g - a +2 battleaxe of flaming
 k - the +8 war axe "Dalig" {speed, rPois rC+ Str+7}
   (You found it on level 10 of the Dungeon)

   Attacks with this weapon are significantly faster.
   It affects your strength (+7).
   It protects you from cold.
   It protects you from poison.
 M - a +9 blowgun
 P - the +2 battleaxe "Xilewod" (weapon) {flame, *Drain MR++ Stlth+}
   (Trog gifted it to you on level 6 of the Lair of Beasts)

   It has been specially enchanted to burn those struck by it, causing extra
   injury to most foes and up to half again as much damage against particularly
   susceptible opponents.
   Big, fiery blades are also staple armaments of hydra-hunters.
   It affects your resistance to hostile enchantments.
   It causes draining when unequipped.
   It makes you more stealthy.
 Q - a +3 executioner's axe of freezing
 Z - a +4 antimagic executioner's axe
Missiles
 a - 8 silver javelins
 i - 14 curare-tipped needles
 n - 9 needles of sleeping
 x - 17 javelins of penetration
 B - 5 needles of confusion
 J - 4 steel javelins (quivered)
 N - 8 javelins of returning
Armour
 h - a +0 pair of boots (worn)
 v - a +2 cloak of poison resistance
 z - a +1 hat of intelligence (worn)
 A - a +2 pair of gloves of strength (worn)
 D - a +2 robe of resistance
 E - the +5 crystal plate armour "Yteimad" {rElec rF+++ rC- Int-2}
   (You acquired it on level 2 of the Orcish Mines)

   It affects your intelligence (-2).
   It renders you almost immune to fire.
   It makes you vulnerable to cold.
   It insulates you from electricity.
 H - a +0 plate armour of magic resistance (worn)
 O - a scarf of cloud immunity
 V - the +1 cloak of the Empire (worn) {+Fly Str-3 Dex+7}
   (You bought it in a shop on level 2 of the Orcish Mines)

   It affects your strength (-3).
   It affects your dexterity (+7).
   It lets you fly.
 W - a +2 ring mail of positive energy
Jewellery
 r - an amulet of faith (around neck)
 u - an uncursed ring of ice
 C - a ring of protection from magic (left hand)
 R - the ring "Niedeh" {Fire Dex+2}
   (You found it on level 6 of the Lair of Beasts)

   [ring of fire]

   It enhances your fire magic.
   It affects your dexterity (+2).
   It protects you from fire.
   It makes you vulnerable to cold.
 S - an uncursed ring of fire
 T - a +3 ring of strength (right hand)
Wands
 b - a wand of polymorph (9)
 d - a wand of digging (3)
Scrolls
 e - 7 scrolls of teleportation
 f - 14 scrolls of remove curse
 l - a scroll of torment
 m - a scroll of holy word
 o - 2 scrolls of identify
 w - 2 scrolls of fear
 y - a scroll of vulnerability
 I - 2 scrolls of blinking
 K - 2 scrolls of magic mapping
 U - 5 scrolls of fog
Potions
 j - 11 potions of heal wounds
 p - 8 potions of curing
 q - 6 potions of resistance
 s - 6 potions of lignification
 F - 8 potions of brilliance
 G - 5 potions of haste
 L - 5 potions of ambrosia
 Y - 2 potions of cancellation
Miscellaneous
 t - a phantom mirror
Comestibles
 c - 44 rations


   Skills:
 - Level 13.0(10.7) Fighting
 * Level 21.7(18.9) Axes
 + Level 8.8(6.8) Throwing
 - Level 13.0(10.6) Armour
 - Level 13.0(10.7) Dodging
 - Level 6.0(4.0) Stealth


You had 15 spell levels left.
You didn't know any spells.
Your spell library contained the following spells:

 Spells                   Type           Power        Failure   Level  Hunger
 Animate Skeleton         Necr           N/A          99%         1    ##.....
 Apportation              Tloc           #.....       99%         1    ##.....
 Confusing Touch          Hex            #.....       99%         1    ##.....
 Corona                   Hex            #......      99%         1    ##.....
 Freeze                   Ice            #...         99%         1    ##.....
 Infusion                 Chrm           #...         99%         1    ##.....
 Sandblast                Erth           #.....       99%         1    ##.....
 Summon Small Mammal      Summ           #...         99%         1    ##.....
 Ensorcelled Hibernation  Hex/Ice        #.....       100%        2    ###....
 Passwall                 Tmut/Erth      #.......     100%        2    ###....
 Shroud of Golubria       Chrm/Tloc      #.........   100%        2    ###....
 Song of Slaying          Chrm           #.......     100%        2    ###....
 Throw Frost              Conj/Ice       #.....       100%        2    ###....
 Confuse                  Hex            #.......     100%        3    ####...
 Conjure Flame            Conj/Fire      #.......     100%        3    ####...
 Dazzling Spray           Conj/Hex       #.....       100%        3    ####...
 Gell's Gravitas          Tloc           #.........   100%        3    ####...
 Ozocubu's Armour         Chrm/Ice       #.......     100%        3    ####...
 Regeneration             Chrm/Necr      #.........   100%        3    ####...
 Spectral Weapon          Hex/Chrm       #.......     100%        3    ####...
 Stone Arrow              Conj/Erth      #.....       100%        3    ####...
 Tukima's Dance           Hex            #.......     100%        3    ####...
 Ice Form                 Ice/Tmut       #.......     100%        4    #####..
 Iskenderun's Mystic Bla  Conj           #.......     100%        4    #####..
 Petrify                  Tmut/Erth      #.......     100%        4    #####..
 Summon Ice Beast         Ice/Summ       #.......     100%        4    #####..
 Throw Icicle             Conj/Ice       #.......     100%        4    #####..
 Excruciating Wounds      Chrm/Necr      #.........   100%        5    ######.
 Iskenderun's Battlesphe  Conj/Chrm      #.......     100%        5    ######.
 Lee's Rapid Deconstruct  Erth           #.........   100%        5    ######.
 Metabolic Englaciation   Hex/Ice        #.........   100%        5    ######.
 Summon Mana Viper        Hex/Summ       #.......     100%        5    ######.
 Yara's Violent Unravell  Hex/Tmut       #.........   100%        5    ######.
 Bolt of Cold             Conj/Ice       #.........   100%        6    #######
 Freezing Cloud           Conj/Ice/Air   #.........   100%        6    #######
 Ozocubu's Refrigeration  Ice            #.........   100%        6    #######
 Simulacrum               Ice/Necr       #.........   100%        6    #######
 Discord                  Hex            #.........   100%        8    #######


Dungeon Overview and Level Annotations

Branches:
Dungeon (15/15)            Temple (0/1) D:5            Lair (6/6) D:8
 Shoals (0/4) Lair:3        Snake (0/4) Lair:3        Slime (0/5) Lair:6
    Orc (2/2) D:9             Elf (1/3) Orc:2        Vaults (0/5) D:14
 Depths (0/5) D:15

Altars:
Fedhas
Makhleb
Nemelex Xobeh
Okawaru
Xom
Yredelemnul
Beogh

Shops:
D:4 ?   D:13 :   Orc:2 [[([%


Innate Abilities, Weirdness & Mutations

You reflexively headbutt those who attack you in melee.
You have a pair of horns on your head.
You have large cloven feet.
You are surrounded by a mild repulsion field. (EV +2)
You have supernaturally acute eyesight. (SInv)
You passively map a small area around you.
Your spells are a little harder to cast, but a little more powerful.


Message History

Things that are here:
4 arrows; a +1 trident of freezing; a shapeshifter corpse You see here a +1 trident of holy wrath.
Your skin stops crawling.
You feel less resistant to hostile enchantments.
There is a stone staircase leading down, spattered with blood here.
Items here: ( )) [ a +0 dagger; a +0 shortbow; 11 arrows; a +0 leather armour The deep elf knight casts a spell at you.
The shard of ice hits you!!
* * * LOW HITPOINT WARNING * * *
The deep elf knight unwields a +0 scimitar.
The deep elf knight wields a +0 shortbow.
The deep elf knight shoots an arrow.
The arrow hits you but does no damage.
There is an open door, spattered with blood here.
Things that are here:
an arrow; 2 poisoned javelins The deep elf knight gestures at you while chanting.
The shard of ice hits you!
You die...

#§.§.e§..^.# #.#
##...P...##
#[#.#.'....## #.#
#...PPP...#
#☼...^'.....###.#
##...P...##
#:#.#E#.^§^ee))(#
##.....##
#E.^○^#....####e#
##...'##
#.#☼§.#...^# #)#
##.##.##
#⌠☼^.⌠#^...# #>#
#####.## #####
#.^..# #(#### ##.#
..## ##.### #)@..##
#########' ...# #.#
##.)...####......##.
...# #.#
#.(..)..+...#.#...'.
...# #.#
#.......##......###.
..## #.#
#.......##..#.#.###'
.## #.#
##.....'###.....##.#
## #.#
##.[>##.#####.##.##
#.#
#######.####...##
#.# ##'#...+##


You could see a deep elf knight.

Vanquished Creatures
  Rupert (Orc:2)
  The ghost of coldbreeze the Warrior, an adept BaGl of Makhleb (Elf:1)
  2 fire giants
  An orc warlord (Orc:2)
  A deep elf annihilator (Elf:1)
  A deep elf demonologist (Elf:1)
  A minotaur (Gauntlet)
  Snorg (D:13)
  A deep elf death mage (Elf:1)
  An ettin (D:13)
  Erolcha (D:13)
  4 hydras
  A vault guard (D:14)
  2 catoblepae
  An ice dragon (Lair:6)
  2 centaur warriors (D:15)
  4 two-headed ogres
  10 dancing weapons (Elf:1)
  4 death yaks (Lair:3)
  Urug (D:11)
  A tengu warrior (Gauntlet)
  2 orc high priests
  3 deep elf knights (Elf:1)
  A soul eater (Gauntlet)
  An unseen horror (D:14)
  5 deep elf archers (Elf:1)
  3 lindwurms
  2 wizards (Gauntlet)
  5 orc knights
  16 deep elf magi (Elf:1)
  2 orc sorcerers (Orc:2)
  A manticore (D:14)
  9 ugly things
  15 cyclopes
  An elephant (D:8)
  The ghost of weresquid the Carver, a novice OpGl of the Shining One (D:6)
  3 toenail golems (Volcano)
  A merfolk siren (Lair:3)
  Maurice (D:13)
  3 ice statues (IceCv)
  A centaur zombie (D:11)
  2 black mambas
  3 molten gargoyles (Volcano)
  A minotaur zombie (Gauntlet)
  2 torpor snails
  5 spiny frogs
  A gargoyle (D:15)
  4 rime drakes
  7 komodo dragons
  2 kobold demonologists
  3 efreet
  4 tengu conjurers
  5 trolls
  7 hornets
  Prince Ribbit (Lair:1)
  5 polar bears
  7 blink frogs
  4 dream sheep
  5 hippogriffs
  12 spriggans (Lair:6)
  A shadow (D:12)
  A tarantella (shapeshifter) (Elf:1)
  A water elemental (Elf:1)
  35 yaks
  5 fire elementals
  3 wraiths
  2 wyverns
  2 basilisks (D:8)
  Grum (Lair:1)
  A death yak simulacrum (Lair:6)
  11 wargs
  3 nagas (Lair:3)
  A hydra simulacrum (Lair:6)
  13 porcupines
  Duvessa (D:5)
  5 water moccasins
  A hornet zombie (D:10)
  35 orc warriors
  3 black bears
  2 phantoms
  An eye of draining (D:11)
  8 ice beasts
  3 sky beasts
  A necrophage (D:9)
  11 ogres
  33 wolves
  3 boggarts (Lair:6)
  11 centaurs
  13 crocodiles
  4 big kobolds
  17 bullfrogs
  3 earth elementals (Elf:1)
  2 wyvern zombies
  2 wyvern skeletons
  6 scorpions
  Dowan (D:5)
  A water moccasin skeleton (D:10)
  4 killer bees (D:11)
  8 wights
  4 howler monkeys
  3 electric eels
  3 crimson imps
  8 hounds
  2 bullfrog zombies
  3 quasits
  A komodo dragon simulacrum (Lair:6)
  8 jellies
  28 orc wizards
  Ijyb (D:5)
  2 bullfrog skeletons
  3 centaur skeletons
  29 orc priests
  An iguana (shapeshifter) (D:14)
  3 iguanas
  6 worker ants
  A hound zombie (D:8)
  Robin (D:3)
  2 worker ant zombies
  A gnoll (D:6)
  12 adders
  8 shadow imps
  3 white imps (Gauntlet)
  An ooze (Lair:6)
  2 adder zombies
  5 worms (D:2)
  2 dart slugs
  4 leopard geckos
  147 orcs
  5 ball pythons
  6 bats
  4 giant cockroaches
  9 hobgoblins
  7 jackals
  2 quokkas (D:3)
  A ball python zombie (D:6)
  3 frilled lizards
  12 goblins
  A jackal skeleton (D:4)
  22 kobolds
  A leopard gecko skeleton (D:4)
  2 leopard gecko zombies
  7 rats
  4 fire vortices (Volcano)
  4 fungi
  9 plants
850 creatures vanquished.

Vanquished Creatures (collateral kills)
  The ghost of Zarkath the Fighter, a journeyman DrIE of Vehumet (Lair:6)
  A hydra (Lair:6)
  An orc knight (Orc:2)
  An orc sorcerer (Orc:2)
  A hydra simulacrum (Lair:6)
  2 orc warriors (Orc:2)
  A black mamba simulacrum (Lair:6)
  A spiny frog simulacrum (Lair:6)
  An orc priest (Orc:2)
  An orc wizard (Orc:2)
  6 orcs (Orc:2)
17 creatures vanquished.

Vanquished Creatures (others)
  A deep elf mage (D:14)
  A shadow imp (Gauntlet)
  2 fire vortices
  7 fungi
  5 plants
  A withered plant (Gauntlet)
17 creatures vanquished.

Grand Total: 884 creatures vanquished

Notes
Turn   | Place    | Note
-------+----------+-------------------------------------------
     0 | D:1      | BreadTh the Minotaur Berserker began the quest for the Orb.
     0 | D:1      | Reached XP level 1. HP: 19/19 MP: 0/0
   416 | D:1      | Reached XP level 2. HP: 27/27 MP: 1/1
   723 | D:1      | Reached skill level 4 in Axes
  1237 | D:2      | Reached skill level 1 in Throwing
  1311 | D:2      | Reached XP level 3. HP: 30/33 MP: 2/2
  1725 | D:2      | Reached ** piety under Trog
  2336 | D:3      | Noticed Robin
  2350 | D:3      | Reached XP level 4. HP: 40/40 MP: 3/3
  2362 | D:3      | Killed Robin
  2595 | D:3      | Reached skill level 5 in Axes
  2650 | D:3      | Found a faded altar of an unknown god.
  2708 | D:3      | Reached *** piety under Trog
  3063 | D:3      | Reached XP level 5. HP: 46/46 MP: 4/4
  3297 | D:4      | Noticed an ogre
  3303 | D:4      | Killed an ogre
  3422 | D:4      | Reached skill level 6 in Axes
  3505 | D:4      | Found an iron altar of Okawaru.
  3642 | D:4      | Reached XP level 6. HP: 53/55 MP: 5/5
  3832 | D:4      | Noticed an orc warrior
  3841 | D:4      | Killed an orc warrior
  3841 | D:4      | Reached skill level 5 in Fighting
  3899 | D:4      | Reached skill level 7 in Axes
  4025 | D:4      | Reached XP level 7. HP: 27/61 MP: 6/6
  4225 | D:4      | Reached **** piety under Trog
  4350 | D:4      | Found Roelaqil's Magic Scroll Shop.
  4358 | D:4      | Bought a scroll of identify for 26 gold pieces
  4358 | D:4      | Bought a scroll of identify for 26 gold pieces
  4824 | D:5      | Entered Level 5 of the Dungeon
  4824 | D:5      | Noticed Duvessa
  4824 | D:5      | Noticed Dowan
  4849 | D:5      | Killed Dowan
  4855 | D:5      | Killed Duvessa
  4855 | D:5      | Reached skill level 8 in Axes
  4932 | D:5      | Noticed Ijyb
  4941 | D:5      | Killed Ijyb
  4950 | D:5      | Reached XP level 8. HP: 59/70 MP: 7/7
  5142 | D:5      | Received a gift from Trog
  5497 | D:5      | Found a staircase to the Ecumenical Temple.
  5673 | D:5      | Found a burning altar of Makhleb.
  5994 | D:6      | Reached skill level 9 in Axes
  6074 | D:6      | Reached skill level 5 in Armour
  6202 | D:6      | Found a sparkling altar of Nemelex Xobeh.
  6202 | D:6      | Found a blossoming altar of Fedhas.
  6214 | D:6      | Noticed weresquid's ghost (novice OpGl)
  6215 | D:6      | Found a runed translucent gate.
  6215 | D:6      | Found a runed translucent gate.
  6215 | D:6      | Found a runed translucent gate.
  6491 | D:6      | Reached skill level 5 in Dodging
  6865 | D:7      | Reached XP level 9. HP: 79/79 MP: 8/8
  6969 | D:7      | Reached skill level 10 in Axes
  7061 | D:7      | Reached ***** piety under Trog
  7213 | D:7      | Reached skill level 1 in Stealth
  7531 | D:8      | Found a staircase to the Lair.
  7531 | D:8      | Noticed an elephant
  7774 | D:8      | Received a gift from Trog
  7782 | D:8      | Killed an elephant
  7782 | D:8      | Reached skill level 11 in Axes
  8166 | D:8      | Reached XP level 10. HP: 71/90 MP: 9/9
  8760 | D:9      | Found a shimmering altar of Xom.
  8928 | D:9      | Reached skill level 12 in Axes
  8991 | D:9      | Found a basalt altar of Yredelemnul.
  9172 | D:9      | Found a staircase to the Orcish Mines.
  9322 | D:9      | Received a gift from Trog
  9345 | D:9      | Gained mutation: You are surrounded by a mild repulsion
                  | field. (EV +2) [potion of mutation]
  9345 | D:9      | Gained mutation: You evolve. [potion of mutation]
  9345 | D:9      | Gained mutation: You have large cloven feet. [potion of
                  | mutation]
  9355 | D:9      | Noticed a cyclops
  9377 | D:9      | Killed a cyclops
  9447 | D:10     | Entered Level 10 of the Dungeon
  9471 | D:10     | Noticed a two-headed ogre
  9480 | D:10     | Killed a two-headed ogre
  9605 | D:10     | Got an ancient war axe
  9629 | D:10     | Identified the +8 war axe "Dalig" {speed, rPois rC+ Str+7}
                  | (You found it on level 10 of the Dungeon)
  9816 | D:10     | Reached XP level 11. HP: 92/97 MP: 10/10
 10191 | D:11     | Noticed Urug
 10218 | D:11     | Killed Urug
 10218 | D:11     | Reached skill level 13 in Axes
 10731 | D:11     | Noticed a brown ugly thing
 10742 | D:11     | Killed a brown ugly thing
 10742 | D:11     | Reached skill level 5 in Stealth
 11155 | D:12     | Received a gift from Trog
 11194 | D:12     | Gained mutation: Your spells are a little harder to cast,
                  | but a little more powerful. [evolution]
 11494 | D:12     | Reached skill level 10 in Fighting
 12146 | D:13     | Found Hotatirr's Book Emporium.
 12175 | D:13     | Found a gate leading to a gauntlet.
 12194 | Gauntlet | Entered a Gauntlet
 12194 | Gauntlet | Found a transporter.
 12194 | Gauntlet | Found a transporter.
 12194 | Gauntlet | Found a transporter.
 12194 | Gauntlet | Noticed a tengu warrior
 12195 | Gauntlet | Found a transporter.
 12198 | Gauntlet | Found a transporter.
 12206 | Gauntlet | Found a transporter.
 12207 | Gauntlet | Noticed a soul eater
 12212 | Gauntlet | Found a transporter.
 12213 | Gauntlet | Found a transporter.
 12222 | Gauntlet | Found a transporter.
 12222 | Gauntlet | Noticed a wizard
 12223 | Gauntlet | Noticed a wizard
 12270 | Gauntlet | Noticed a queen ant
 12323 | Gauntlet | Found a transporter.
 12329 | Gauntlet | Found a transporter.
 12343 | Gauntlet | Found a transporter.
 12421 | Gauntlet | Killed a tengu warrior
 12523 | Gauntlet | Killed a soul eater
 12607 | Gauntlet | Reached ****** piety under Trog
 12610 | Gauntlet | Killed a wizard
 12612 | Gauntlet | Killed a wizard
 12612 | Gauntlet | Received a gift from Trog
 12646 | Gauntlet | Noticed a minotaur
 12658 | Gauntlet | Killed a minotaur
 12658 | Gauntlet | Reached skill level 14 in Axes
 12968 | Gauntlet | Reached XP level 12. HP: 103/107 MP: 11/11
 12975 | Gauntlet | Got a scorched whip
 13060 | D:13     | Identified the +5 whip of the Land of Plenty {slash, rN+
                  | Str+4} (You found it in a Gauntlet)
 13164 | D:13     | Noticed Maurice
 13170 | D:13     | Killed Maurice
 13171 | D:13     | Noticed Snorg
 13180 | D:13     | Killed Snorg
 13397 | D:13     | Noticed an ettin
 13500 | D:13     | Noticed a two-headed ogre
 13504 | D:13     | Killed a two-headed ogre
 13504 | D:13     | Reached skill level 10 in Armour
 13506 | D:13     | Noticed a two-headed ogre
 13513 | D:13     | Killed a two-headed ogre
 13606 | D:13     | Noticed Erolcha
 13622 | D:13     | Killed Erolcha
 13622 | D:13     | Reached skill level 15 in Axes
 13736 | D:13     | Reached skill level 10 in Dodging
 13797 | D:13     | Noticed a fire giant
 13807 | D:13     | Killed a fire giant
 13808 | D:13     | Noticed an ettin
 13818 | D:13     | Killed an ettin
 13843 | D:13     | Gained mutation: You passively map a small area around you.
                  | [evolution]
 13864 | D:13     | Got an encrusted great sword
 13865 | D:13     | Identified the +6 great sword of Qoinkep {freeze, Int+5}
                  | (You found it on level 13 of the Dungeon)
 13867 | D:13     | Got a slimy great sword
 13868 | D:13     | Identified the cursed +1 great sword "Ziseis" {freeze,
                  | -Tele rF++ MR+ Int+9} (You found it on level 13 of the
                  | Dungeon)
 14063 | D:13     | Identified Sif Muna's Volume of Fetching Self-Knowledge
 14445 | D:13     | Reached XP level 13. HP: 117/117 MP: 12/12
 14593 | D:14     | You fall through a shaft!
 14593 | D:15     | Entered Level 15 of the Dungeon
 14631 | D:15     | Received a gift from Trog
 14772 | D:15     | Reached skill level 16 in Axes
 14849 | D:15     | Found a staircase to the Depths.
 14849 | D:15     | Noticed a fire giant
 15183 | D:15     | Killed a fire giant
 16383 | D:14     | Received a gift from Trog
 16768 | D:14     | Found a gate to the Vaults.
 17191 | D:8      | Gained mutation: You have supernaturally acute eyesight.
                  | (SInv) [evolution]
 17191 | D:8      | Lost mutation: You evolve. [end of evolution]
 17198 | Lair:1   | Entered Level 1 of the Lair of Beasts
 17224 | Lair:1   | Noticed Prince Ribbit
 17235 | Lair:1   | Killed Prince Ribbit
 17235 | Lair:1   | Reached skill level 17 in Axes
 17332 | Lair:1   | Reached skill level 18 in Axes
 17332 | Lair:1   | Reached XP level 14. HP: 127/127 MP: 13/13
 17600 | Lair:1   | Noticed Grum
 17609 | Lair:1   | Killed Grum
 18791 | Lair:2   | Reached XP level 15. HP: 135/135 MP: 14/14
 18847 | Lair:3   | Received a gift from Trog
 18917 | Lair:3   | Found a staircase to the Snake Pit.
 18982 | Lair:3   | Found a frozen archway.
 19002 | IceCv    | Entered an ice cave
 20184 | Lair:3   | Found a staircase to the Shoals.
 20294 | Lair:4   | Reached skill level 19 in Axes
 20322 | Lair:4   | Received a gift from Trog
 20693 | Lair:4   | You fall through a shaft!
 20873 | Lair:4   | Found a dark tunnel.
 20894 | Volcano  | Entered a volcano
 22494 | Lair:6   | Entered Level 6 of the Lair of Beasts
 22516 | Lair:6   | Found a staircase to the Slime Pits.
 22652 | Lair:6   | Found a runed translucent gate.
 22653 | Lair:6   | Found a runed translucent gate.
 22654 | Lair:6   | Found a runed translucent gate.
 22804 | Lair:6   | Noticed Zarkath's ghost (journeyman DrIE)
 22810 | Lair:6   | Reached skill level 5 in Throwing
 22825 | Lair:6   | Killed Zarkath's ghost
 22825 | Lair:6   | Received a gift from Trog
 23245 | Lair:6   | Got the ring "Niedeh" {Fire}
 23252 | Lair:6   | Identified the ring "Niedeh" {Fire Dex+2} (You found it on
                  | level 6 of the Lair of Beasts)
 24282 | Lair:6   | Received a gift from Trog
 24283 | Lair:6   | Got a smoking battleaxe {god gift}
 24287 | Lair:6   | Identified the +2 battleaxe "Xilewod" {flame, *Drain MR++
                  | Stlth+} (Trog gifted it to you on level 6 of the Lair of
                  | Beasts)
 24303 | Lair:6   | Paralysed by a hornet for 3 turns
 24876 | Lair:6   | Reached skill level 20 in Axes
 25140 | Orc:1    | Entered Level 1 of the Orcish Mines
 25293 | Orc:1    | Found a roughly hewn altar of Beogh.
 25632 | Orc:2    | Entered Level 2 of the Orcish Mines
 25743 | Orc:2    | Received a gift from Trog
 26008 | Orc:2    | Found Wuiqy's Food Boutique.
 26075 | Orc:2    | Found a staircase to the Elven Halls.
 26174 | Orc:2    | Received a gift from Trog
 26192 | Orc:2    | Found a roughly hewn altar of Beogh.
 26216 | Orc:2    | Found Hoxt's Antique Armour Shoppe.
 26238 | Orc:2    | Bought a runed ring mail for 224 gold pieces
 26238 | Orc:2    | Bought a glowing cloak for 240 gold pieces
 26238 | Orc:2    | Bought a pair of runed gloves for 240 gold pieces
 26473 | Orc:2    | Found a roughly hewn altar of Beogh.
 26483 | Orc:2    | Found Quliajob's Armour Shoppe.
 26533 | Orc:2    | Found a roughly hewn altar of Beogh.
 26610 | Orc:2    | Found a roughly hewn altar of Beogh.
 26652 | Orc:2    | Noticed Rupert
 26656 | Orc:2    | Reached XP level 16. HP: 143/143 MP: 15/15
 26661 | Orc:2    | Killed Rupert
 26960 | Orc:2    | Found a roughly hewn altar of Beogh.
 27034 | Orc:2    | Received a gift from Trog
 27045 | Orc:2    | Found Muosias's Antique Armour Shoppe.
 27048 | Orc:2    | Found a roughly hewn altar of Beogh.
 27052 | Orc:2    | Found Ceol Ade's Antique Weapon Emporium.
 27057 | Orc:2    | Bought a transparent cloak for 313 gold pieces
 27057 | Orc:2    | Bought an ichor-stained leather armour for 231 gold pieces
 27057 | Orc:2    | Bought a shiny chain mail for 247 gold pieces
 27100 | Orc:2    | Identified the +1 cloak of the Empire {+Fly Str-3 Dex+7}
                  | (You bought it in a shop on level 2 of the Orcish Mines)
 27110 | Orc:2    | Identified the cursed +0 leather armour of the Guild-Master
                  | {+Blink rN+ rCorr Slay+2} (You bought it in a shop on level
                  | 2 of the Orcish Mines)
 27510 | D:4      | Bought 2 scrolls of acquirement for 1352 gold pieces
 27558 | D:4      | Bought a scroll of fog for 26 gold pieces
 27558 | D:4      | Bought a scroll of magic mapping for 45 gold pieces
 27691 | D:6      | Killed weresquid's ghost
 27839 | Orc:2    | Bought a ration for 55 gold pieces
 27839 | Orc:2    | Bought a ration for 55 gold pieces
 27839 | Orc:2    | Bought a ration for 55 gold pieces
 27839 | Orc:2    | Bought a ration for 55 gold pieces
 27839 | Orc:2    | Bought a ration for 55 gold pieces
 27839 | Orc:2    | Bought a ration for 55 gold pieces
 27839 | Orc:2    | Bought a ration for 55 gold pieces
 27839 | Orc:2    | Bought a ration for 55 gold pieces
 27839 | Orc:2    | Bought a ration for 55 gold pieces
 27921 | Orc:2    | Got a twisted crystal plate armour
 27929 | Orc:2    | Identified the +5 crystal plate armour "Yteimad" {rElec
                  | rF+++ rC- Int-2} (You acquired it on level 2 of the Orcish
                  | Mines)
 28062 | Elf:1    | Entered Level 1 of the Elven Halls
 28076 | Elf:1    | Received a gift from Trog
 28447 | Elf:1    | Reached skill level 21 in Axes
 28762 | Elf:1    | Identified the Grimoire of Attacks
 29197 | Elf:1    | Found a runed translucent gate.
 29197 | Elf:1    | Found a runed translucent gate.
 29197 | Elf:1    | Found a runed translucent gate.
 29317 | Elf:1    | Received a gift from Trog
 29442 | Elf:1    | Noticed coldbreeze's ghost (adept BaGl)
 29600 | Elf:1    | Noticed a Brimstone Fiend
 30171 | Elf:1    | Received a gift from Trog
 30194 | Elf:1    | Killed coldbreeze's ghost
 30216 | Elf:1    | Killed from afar by a deep elf knight

Skill      XL: |  1  2  3  4  5  6  7  8  9 10 11 12 13 14 15 16 |
---------------+-------------------------------------------------+-----
Axes           | 4 5 6 7 8 9 11 12 14 15 18 20 21 | 21.7
Throwing       | 1 2 3 6 8 |  8.8
Fighting       | 4 5 6 7 8 9 10 11 12 13 | 13.0
Armour         | 3 4 5 7 8 9 11 12 13 | 13.0
Dodging        | 3 4 5 6 7 9 10 11 13 | 13.0
Stealth        | 2 4 5 6 |  6.0

Action                   |  1- 3 |  4- 6 |  7- 9 | 10-12 | 13-15 | 16-18 || total
-------------------------+-------+-------+-------+-------+-------+-------++-------
Melee: Hand axe          |   109 |   113 |   265 |       |       |       ||   487
       Headbutt          |    17 |    20 |    63 |   117 |   241 |    62 ||   520
       Battleaxe         |       |    13 |    37 |       |   107 |   167 ||   324
       War axe           |       |       |    26 |   440 |   271 |       ||   737
       Executioner's axe |       |       |       |    20 |   468 |    47 ||   535
       Great sword       |       |       |       |       |     1 |       ||     1
Throw: Javelin           |       |       |       |       |    24 |     6 ||    30
Invok: Berserk           |       |     3 |     5 |     6 |     5 |     3 ||    22
       Trog's Hand       |       |       |     2 |     2 |     4 |     3 ||    11
       Brothers in Arms  |       |       |       |       |     2 |     1 ||     3
 Abil: Evoke Blink       |       |       |       |       |       |     1 ||     1
Evoke: Wand              |       |       |       |       |     2 |       ||     2
  Use: Scroll            |     2 |       |     5 |    24 |    17 |     6 ||    54
       Potion            |       |       |       |     1 |     1 |       ||     2
 Stab: Sleeping          |     1 |       |       |       |     3 |     1 ||     5
       Petrified         |       |       |       |       |     5 |       ||     5
       Petrifying        |       |       |       |       |     4 |       ||     4
       Distracted        |       |       |       |       |     2 |     2 ||     4
  Eat: Chunk             |     4 |     5 |    19 |    22 |    47 |    11 ||   108
       Ration            |       |     1 |       |     1 |       |     1 ||     3
Armor: Animal skin       |     7 |       |       |       |       |       ||     7
       Leather armour    |    10 |    15 |       |       |       |       ||    25
       Chain mail        |       |     8 |   115 |    80 |     1 |     4 ||   208
       Plate armour      |       |       |       |    46 |   118 |    62 ||   226
       Robe              |       |       |       |       |     2 |       ||     2
       Scale mail        |       |       |       |       |    84 |     9 ||    93
       Ring mail         |       |       |       |       |     9 |       ||     9
Dodge: Dodged            |    51 |    69 |   152 |   238 |   686 |   120 ||  1316
